 Dungeon Crawl Stone Soup version 0.21-a0-444-g29a2fec (webtiles) character file.

7 theanonym the Shooter (level 1, 0/17 HPs)
             Began as a Centaur Hunter on Nov 17, 2017.
             Slain by a jackal (1 damage)
             ... on level 1 of the Dungeon.
             The game lasted 00:00:15 (156 turns).

theanonym the Shooter (Centaur Hunter)               Turns: 156, Time: 00:00:16

Health: 0/17       AC:  4    Str: 14    XL:     1   Next: 83%
Magic:  1/1        EV:  9    Int: 10    God:
Gold:   0          SH:  0    Dex:  9    Spells: 0/0 levels left

rFire    . . .     SeeInvis .   b - +0 short sword
rCold    . . .     Gourm    .   (no shield)
rNeg     . . .     Faith    .   c - +0 leather armour
rPois    .         Spirit   .   (no helmet)
rElec    .         Reflect  .   (no cloak)
rCorr    .         Harm     .   (no gloves)
MR       .....                  (no barding)
Stlth    +.........             (no amulet)
HPRegen  0.05/turn              (no ring)
MPRegen  0.07/turn              (no ring)

@: very quick
A: hooves 3, deformed body, speed 2, tough skin 3
a: no special abilities


Innate Abilities, Weirdness & Mutations

You have hooves in place of feet.
Armour fits poorly on your strangely shaped body.
You cover ground very quickly.
You have extremely tough skin. (AC +3)


   Skills:
 - Level 2.0 Fighting
 + Level 5.8 Bows
 - Level 1.3 Dodging
 - Level 0.4 Stealth


You couldn't memorise any spells.
You didn't know any spells.

Action                   || total
-------------------------++-------
Melee: Short sword       ||    17
       Kick              ||     1
Armor: Leather armour    ||    11
Dodge: Dodged            ||    13

Inventory:

Hand Weapons
 a - a +1 shortbow
 b - a +0 short sword (weapon)
Missiles
 d - 45 arrows
Armour
 c - a +0 leather armour (worn)
Potions
 e - a potion of invisibility {unknown}
Comestibles
 f - a bread ration
 g - 4 chunks of flesh

Dungeon Overview and Level Annotations

Branches:
Dungeon (1/15)

Altars:


You were on level 1 of the Dungeon.
You were not hungry.

You visited 1 branch of the dungeon, and saw 1 of its levels.


Message History

Unknown command.
e - a metallic golden potion
Found 12 stones.
A bat comes into view.
A bat is nearby!
b - a +0 short sword (weapon)
The bat closely misses you.
You hit the bat. The bat hits you.
You take 1 damage, and have 16/17 hp.
The bat hits you but does no damage.
You miss the bat. Your kick misses the bat.
The bat hits you but does no damage. The bat hits you.
The bat hits you but does no damage.
You take 1 damage, and have 15/17 hp.
You closely miss the bat. Your kick misses the bat.
The bat hits you but does no damage.
A goblin comes into view. It is wielding a club.
The goblin shouts!
The bat hits you but does no damage.
You closely miss the bat. The bat hits you but does no damage.
You hit the bat.
You kill the bat!
You hit the goblin but do no damage. The goblin hits you with a club.
You take 4 damage, and have 11/17 hp.
MASSIVE DAMAGE!!
You are too injured to fight recklessly!
You are too injured to fight recklessly!
You are too injured to fight recklessly!
You are too injured to fight recklessly!
You are too injured to fight recklessly!
You hit the goblin.
You kill the goblin!
Things that are here:
a club; a goblin corpse You start resting.
Health restored: 17 You butcher the goblin corpse.
g - 3 chunks of flesh
Things that are here:
a club; a goblin skeleton
Things that are here:
a club; a goblin skeleton
d - 45 arrows (gained 25)
You butcher the bat corpse.
g - 4 chunks of flesh (gained 1)
A jackal comes into view.
You see here a scroll labeled WEDYSA WUCRIMEQAMP.
A jackal is nearby!
A jackal comes into view.
The jackal barks! x2
A jackal and a goblin come into view.
The goblin shouts!
The jackal barks!
You barely miss the jackal. The jackal barely misses you. The jackal bites you.
You take 3 damage, and have 14/17 hp.
You closely miss the jackal. The jackal bites you.
The jackal barely misses you. The jackal closely misses you.
A goblin comes into view. It is wielding a dagger.
You take 1 damage, and have 13/17 hp.
You hit the jackal. Your kick misses the jackal.
The jackal bites you but does no damage.
The jackal barely misses you.
You barely miss the jackal. The goblin hits you but does no damage.
The jackal barely misses you.
You puncture the jackal!
You kill the jackal!
The jackal closely misses you. The goblin hits you but does no damage.
The jackal barely misses you. The jackal bites you.
You take 1 damage, and have 12/17 hp.
You closely miss the jackal. The jackal closely misses you.
The goblin misses you. The jackal bites you.
The jackal bites you but does no damage.
The goblin hits you with a dagger.
* * * LOW HITPOINT WARNING * * *
You take 8 damage, and have 4/17 hp.
MASSIVE DAMAGE!!
You are too injured to fight recklessly!
You are too injured to fight recklessly!
You are too injured to fight recklessly!
You are too injured to fight recklessly!
You are too injured to fight recklessly!
You are too injured to fight recklessly!
You see here a twisted ruby ring.
You are too injured to fight recklessly!
You are too injured to fight recklessly!
You are too injured to fight recklessly!
The jackal bites you but does no damage.
You are too injured to fight recklessly!
You hit the jackal. You kick the jackal.
The jackal bites you but does no damage.
The jackal bites you.
* * * LOW HITPOINT WARNING * * *
You take 1 damage, and have 4/17 hp.
You hit the jackal.
You kill the jackal!
The jackal barely misses you. The jackal bites you.
* * * LOW HITPOINT WARNING * * *
You hit the goblin.
You kill the goblin!
The jackal barely misses you.
You closely miss the goblin. The jackal barely misses you.
The jackal bites you.
You die...

...# ..... ....## #.#.#
......##.#.# ##
#..........### ..##
####..†......# ...##
####...?..# #....#
######......(### .....#
...............###.....#
.......).......g@.....#
..............=h##...##
.........(......# ####
.......#.....#..#
......##8###8##.# .##...
#........# #...
#.....#..# ....
#..<..#...#
#.....#......


You could see a jackal and a goblin.

Notes
Turn   | Place    | Note
-------+----------+-------------------------------------------
     0 | D:1      | theanonym the Centaur Hunter began the quest for the Orb.
     0 | D:1      | Reached XP level 1. HP: 17/17 MP: 1/1
   141 | D:1      | HP: 4/17 [goblin/dagger (5)]
   153 | D:1      | HP: 4/17 [jackal (1)]
   154 | D:1      | HP: 1/17 [jackal (3)]
   156 | D:1      | Slain by a jackal

Vanquished Creatures
  A bat (D:1)
  2 goblins (D:1)
  2 jackals (D:1)
5 creatures vanquished.
